General information
- name: BNet
- type: Ladder 1vs1/FFA
- host: Battle.net
- saver: TIMG4STRok
map: EchoIsles
- players: 2
- length: 11:41
- speed: Fast
- version: 1.21 W3XP
- replay type:

» download(55 KB)
Players
team 1 (loser)
windian (
purple | 237 APM | 2762 actions | 11:40)
3 Archmage
2 Summon Water Elemental
1 Brilliance Aura
1 Naga Sea Witch
1 Frost Arrows
» actions
| Assign group hotkey | 42 | |
| Basic commands | 79 | |
| Build / train | 57 | |
| ESC pressed | 5 | |
| Enter build submenu | 20 | |
| Enter hero's abilities submenu | 4 | |
| Give item / drop item | 2 | |
| Remove unit from queue | 1 | |
| Right click | 899 | |
| Select / deselect | 317 | |
| Select group hotkey | 1253 | |
| Use ability | 83 | |
2762 total
» units
| Peasant | 22 | |
| Footman | 9 | |
| Rifleman | 3 | |
| Sorceress | 1 | |
35 total
» upgrades
» buildings
| Altar of Kings | 1 | |
| Barracks | 1 | |
| Farm | 4 | |
| Town Hall | 1 | |
| Scout Tower | 6 | |
| Arcane Tower | 4 | |
| Lumber Mill | 1 | |
| Keep | 2 | |
| Guard Tower | 2 | |
| Arcane Vault | 2 | |
| Blacksmith | 1 | |
| Arcane Sanctum | 2 | |
| Workshop | 1 | |
28 total
» build order
00:02 Altar of Kings
00:20 Barracks
00:35 Farm
00:52 Farm
01:52 Farm
02:39 Farm
02:56 Town Hall
03:00 Scout Tower
03:28 Arcane Tower
04:15 Scout Tower
04:35 Lumber Mill
04:39 Scout Tower
04:42 Arcane Tower
04:46 Scout Tower
05:13 Arcane Tower
05:20 Scout Tower
05:24 Keep
05:25 Arcane Tower
05:50 Guard Tower
07:03 Scout Tower
07:33 Guard Tower
08:09 Arcane Vault
08:48 Arcane Vault
09:11 Blacksmith
09:34 Arcane Sanctum
09:37 Arcane Sanctum
10:33 Workshop
» items
| Boots of Speed | 1 | |
| Dust of Appearance | 1 | |
| Lesser Clarity Potion | 1 | |
| Potion of Healing | 1 | |
| Scroll of Regeneration | 1 | |
5 total
team 2 (winner)

»
TIMG4STRok (
orange | 123 APM | 1443 actions | 11:41)
3 Demon Hunter
2 Mana Burn
1 Evasion
3 Naga Sea Witch
2 Frost Arrows
1 Forked Lightning
» actions
| Assign group hotkey | 22 | |
| Basic commands | 11 | |
| Build / train | 41 | |
| ESC pressed | 2 | |
| Enter build submenu | 12 | |
| Enter hero's abilities submenu | 7 | |
| Right click | 842 | |
| Select / deselect | 185 | |
| Select group hotkey | 271 | |
| Use ability | 50 | |
1443 total
» units
| Wisp | 11 | |
| Archer | 10 | |
| Dryad | 3 | |
| Druid of the Claw | 2 | |
26 total
» upgrades
| Abolish Magic | 1 | |
| Druid of the Claw Training | 2 | |
| Ultravision | 1 | |
4 total
» buildings
| Altar of Elders | 1 | |
| Moon Well | 4 | |
| Ancient of War | 1 | |
| Tree of Ages | 1 | |
| Hunter's Hall | 1 | |
| Ancient of Lore | 2 | |
| Tree of Eternity | 1 | |
| Ancient of Wonders | 1 | |
| Tree of Life | 1 | |
13 total
» build order
00:04 Altar of Elders
00:20 Moon Well
00:38 Ancient of War
01:35 Moon Well
02:45 Tree of Ages
03:19 Moon Well
05:32 Hunter's Hall
06:34 Ancient of Lore
06:35 Ancient of Lore
08:46 Tree of Eternity
09:28 Ancient of Wonders
10:07 Moon Well
11:02 Tree of Life
Chat log
(11:39 / All) windian: zero skill